AoeStats
← LittleCaesar

Arabia

510049193Analyzed
1v1 RM · 2d ago on Sep 29, 2026· 57m 6s· 2 players
Game mode
Random Map
Map size
Tiny (2 player)
Population
200
Speed
Normal
Resources
Standard
Victory
Conquest
Starting age
Dark Age
Ending age
Imperial Age
RankedLock teamsTeams togetherTeam positionsShared explorationLock speedFull tech treeHidden civsTurbo modeCheats
Victory
Defeat
🇦🇺 Cumans · Australia
1308
+15
🇦🇺 Khmer · Australia
1282
-15
Lukeymanb
7:42 Loom
10:06 Feudal Age
11:05 Horse Collar
11:11 Double-Bit Axe
11:36 Gold Mining
19:27 Castle Age
17:46 Bloodlines
17:48 Forging
18:03 Scale Barding Armor
20:55 Iron Casting
20:41 Chain Barding Armor
32:34 Imperial Age
30:07 Pikeman
31:28 Scale Mail Armor
32:34 Halberdier
34:25 Blast Furnace
36:10 Plate Barding Armor
35:50 Chain Mail Armor
34:57 Light Cavalry
36:37 Hussar
37:19 Husbandry
40:43 Elite Skirmisher
LittleCaesar
11:00 Feudal Age
9:16 Loom
11:41 Double-Bit Axe
12:21 Horse Collar
19:18 Wheelbarrow
21:32 Castle Age
20:22 Scale Barding Armor
20:29 Bloodlines
20:55 Forging
21:00 Gold Mining
26:29 Hand Cart
26:36 Town Watch
28:39 Iron Casting
29:54 Bow Saw
29:50 Heavy Plow
29:41 Stone Mining
31:17 Chain Barding Armor
31:10 Fletching
31:21 Padded Archer Armor
33:34 Gold Shaft Mining
37:00 Imperial Age
35:14 Leather Archer Armor
34:54 Bodkin Arrow
35:48 Thumb Ring
35:26 Light Cavalry
37:35 Ballistics
38:07 Parthian Tactics
38:45 Blast Furnace
37:07 Hussar
38:59 Plate Barding Armor
40:37 Heavy Cavalry Archer
41:42 Conscription
42:00 Steppe Husbandry
43:03 Ring Archer Armor
44:51 Chemistry
43:18 Elite Steppe Lancer
46:31 Masonry
48:47 Crop Rotation
49:20 Two-Man Saw
52:15 Hoardings
52:18 Spies/Treason
53:14 Cuman Mercenaries
Connection lost

Rejoining the realm…

Still unreachable

The connection could not be restored.

Session expired

The server has moved on; the page needs a fresh start.